 Dungeon Crawl Stone Soup version 0.31-b1-22-gc680215f68 (webtiles) character file.

Game seed: 1363684064460250359

9466 bnorton916 the Thaumaturge (level 11, -6/54 HPs)
             Began as a Deep Elf Conjurer on Jan 18, 2024.
             Was an Initiate of Gozag.
             Mangled by a kobold brigand
             ... wielding a +0 war axe
              (10 damage)
             ... in a bailey on Jan 19, 2024.
             The game lasted 00:23:44 (16771 turns).

bnorton916 the Thaumaturge (Deep Elf Conjurer)     Turns: 16771, Time: 00:23:44

Health: -6/54      AC:  5    Str:  6    XL:     11   Next: 23%
Magic:  24/30      EV: 12    Int: 26    God:    Gozag
Gold:   1124       SH:  0    Dex: 13    Spells: 24/37 levels left

rFire   + . .        D - +3 quarterstaff of the Moth {freeze, rC+ rN+}
rCold   + . .        (shield currently unavailable)
rNeg    + . .        m - +2 robe
rPois   .            (no helmet)
rElec   .            E - +0 cloak
rCorr   .            (no gloves)
SInv    .            (no boots)
Will    +....        (no amulet)
Stlth   ++           c - ring of ice
HPRegen 0.29/turn    f - ring of fire
MPRegen 0.22/turn

%: no passive effects
@: lethally poisoned (-6 -> -21), gold aura, slowed, very slow
A: fire resistance 1, MP-powered wands
a: Renounce Religion, Potion Petition, Call Merchant, Bribe Branch


You were in a bailey.
You worshipped Gozag.
Gozag was most pleased with you.
You visited 2 branches of the dungeon, and saw 11 of its levels.
You also visited: Bailey.

You collected 1519 gold pieces.
You spent 336 gold pieces at shops.
You paid 59 gold pieces to Gozag.

Inventory:

Hand Weapons
 d - a +2 war axe of venom
 w - a +1 short sword of flaming
 D - the +3 quarterstaff of the Moth (weapon) {freeze, rC+ rN+}
   (You found it in a bailey)

   rC+:       It protects you from cold.
   rN+:       It protects you from negative energy.
Missiles
 i - 11 poisoned darts
 t - 9 curare-tipped darts
 H - 4 atropa-tipped darts
Armour
 m - a +2 robe (worn)
 y - +0 acid dragon scales
 E - a +0 cloak (worn)
 F - a +1 robe of willpower
Magical Staves
 k - a staff of fire
Jewellery
 c - a ring of ice (left hand)
 f - a ring of fire (right hand)
 r - the amulet of Elemental Vulnerability {rPois rF-- rC-- AC+8}
   (You found it on level 4 of the Dungeon)

   [amulet of nothing]

   AC+8:      It affects your AC (+8).
   rF--:      It makes you very vulnerable to fire.
   rC--:      It makes you very vulnerable to cold.
   rPois:     It protects you from poison
 G - a ring of flight
Wands
 v - a wand of polymorph (5)
 x - a wand of paralysis (42)
 C - a wand of roots (11)
Scrolls
 a - a scroll of enchant weapon
 e - 2 scrolls of poison
 g - 5 scrolls of identify
 h - a scroll of fear
 l - 2 scrolls of enchant armour
 n - 2 scrolls of revelation
 o - 8 scrolls of teleportation
 p - a scroll of amnesia
 z - a scroll of immolation
 A - 2 scrolls of vulnerability
 B - 2 scrolls of fog
Potions
 b - a potion of magic
 j - a potion of ambrosia
 s - 2 potions of heal wounds
 u - a potion of attraction {unknown}


   Skills:
 - Level 4.0 Armour
 - Level 2.4 Dodging
 - Level 2.4 Stealth
 + Level 13.9 Spellcasting
 + Level 12.3 Conjurations
 - Level 6.0 Translocations
 - Level 6.0 Alchemy


You had 24 spell levels left.
You knew the following spells:

 Your Spells              Type           Power      Damage    Failure   Level
a - Magic Dart            Conj           100%       1d8       1%          1
b - Searing Ray           Conj           100%       2d8       1%          2
c - Iskenderun's Mystic   Conj/Tloc      60%        2d13      1%          4
d - Fulminant Prism       Conj/Alch      30%        3d16      1%          4
e - Blink                 Tloc           98%        N/A       1%          2

Your spell library contained the following spells:

 Spells                   Type           Power      Damage    Failure   Level
 Lesser Beckoning         Tloc           98%        N/A       1%          2
 Momentum Strike          Conj/Tloc      100%       3d10      1%          2
 Gell's Gravitas          Tloc           49%        N/A       1%          3
 Teleport Other           Tloc           49%        N/A       1%          3
 Dispersal                Tloc           24%        N/A       36%         6


Dungeon Overview and Level Annotations

Branches:
Dungeon (10/15)            Temple (1/1) D:4          Bailey (1/1)
   Lair: D:8-11         Orc: D:9-12

Altars:
Ashenzari
Cheibriados
Dithmenos
Elyvilon
Fedhas
Gozag
Hepliaklqana
Kikubaaqudgha
Nemelex Xobeh
Okawaru
Qazlal
Ru
Sif Muna
Trog
Uskayaw
Vehumet
Wu Jian
Xom
Zin
The Shining One

Shops:
D:7 ?   D:9 [

Annotations:
D:9 2 transporters, hawla's ghost, novice FeSh


Innate Abilities, Weirdness & Mutations

Your flesh is heat resistant. (rF+)
You expend magic power (3 MP) to strengthen your wands.


Message History

Something hits your fulminant prism! x2
Your fulminant prism explodes!
The blast of energy engulfs the kobold brigand!!
The kobold brigand is severely wounded.
The kobold brigand throws a curare-tipped dart.
The curare-tipped dart hits you.
You are lethally poisoned!
You have difficulty breathing.
* * * LOW HITPOINT WARNING * * *
You feel as though you will be slow longer.
You hear a shout!
You feel better.
The kobold brigand throws a curare-tipped dart.
The curare-tipped dart hits you.
You are poisoned.
You have difficulty breathing.
You feel as though you will be slow longer.
Casting: Fulminant Prism (dangerous; 1% risk of failure)
Confirm with . or Enter, or press ? or * to list all spells.
You erupt in a blast of force!
The mystic blast hits the kobold brigand!
You kill the kobold brigand!
The mystic blast hits the kobold brigand.
The kobold brigand is lightly wounded.
The kobold brigand is knocked back by the mystic blast.
The kobold brigand slams into the granite statue!
The kobold brigand is moderately wounded.
* * * LOW HITPOINT WARNING * * *
You feel very sick.
The kobold brigand throws a poisoned dart.
The poisoned dart hits you!
You are more poisoned.
The kobold brigand throws a poisoned dart.
The poisoned dart closely misses you.
An orc warrior comes into view. It is wielding a +0 war axe.
* * * LOW HITPOINT WARNING * * *
You feel extremely sick.
The kobold brigand hits you with a +0 war axe!
You die...
Your body crumbles into a pile of gold.

#....~~.......~~....#
#.###~~.......~~###.#
#....~~.......~~....#
#####~~.......~~#####
##~.......~##
####'''#### ##.....##
#∩(....∩# #...8oK@#
##...oK## ###K###
#K.. ...... ........
......o..K.
..........K.
....o........


You could see 2 orc warriors and 4 kobold brigands.

Vanquished Creatures
  Snorg (D:10)
  Erica (D:9)
  Maurice (D:8)
  Maggie (D:7)
  Jeremiah (D:6)
  Grinder (D:3)
  A wraith (D:7)
  4 wyverns
  Eustachio (D:4)
  11 yaks
  A steam dragon (D:9)
  Menkaure (D:6)
  An acid dragon (D:8)
  An ice beast (D:6)
  2 sky beasts (D:7)
  7 orc warriors
  4 centaurs
  A phantom (D:6)
  4 kobold brigands (Bailey)
  Blork the orc (D:6)
  2 bullfrogs
  A scorpion (D:3)
  A gnoll sergeant (D:7)
  12 wights
  12 killer bees
  2 jellies
  5 hounds
  7 orc priests
  2 gnoll boudas
  4 iguanas
  Jessica (D:3)
  Natasha (thrice) (D:2)
  10 orc wizards
  2 sleepcaps
  10 gnolls
  9 adders
  2 ufetubi (D:7)
  A dart slug (D:1)
  31 orcs
  3 endoplasms (D:2)
  2 giant cockroaches
  4 goblins
  5 hobgoblins
  14 kobolds
  8 quokkas
  7 ball pythons
  7 bats
  5 frilled lizards
  11 rats
  A spectral orc (D:6)
  A fulminant prism (D:9)
231 creatures vanquished.

Vanquished Creatures (others)
  57 fulminant prisms
57 creatures vanquished.

Grand Total: 288 creatures vanquished

Notes
Turn   | Place    | Note
-------+----------+-------------------------------------------
     0 | D:1      | bnorton916 the Deep Elf Conjurer began the quest for the
                  | Orb.
     0 | D:1      | Reached XP level 1. HP: 10/10 MP: 6/6
   256 | D:1      | Reached XP level 2. HP: 15/15 MP: 4/8
   259 | D:1      | Learned a level 2 spell: Searing Ray
  1177 | D:2      | Reached skill level 4 in Spellcasting
  1210 | D:2      | Reached skill level 5 in Conjurations
  1210 | D:2      | Reached XP level 3. HP: 19/19 MP: 6/10
  1544 | D:2      | Noticed Natasha
  1547 | D:2      | Killed Natasha
  1548 | D:2      | Reached XP level 4. HP: 24/24 MP: 7/12
  1553 | D:2      | Learned a level 4 spell: Iskenderun's Mystic Blast
  1558 | D:2      | Learned a level 4 spell: Fulminant Prism
  1702 | D:2      | Reached skill level 5 in Spellcasting
  2039 | D:2      | Found a sacrificial altar of Ru.
  2053 | D:2      | Noticed Natasha
  2056 | D:2      | Killed Natasha
  2057 | D:2      | Reached skill level 1 in Translocations
  2057 | D:2      | Reached skill level 1 in Alchemy
  2057 | D:2      | Reached XP level 5. HP: 28/28 MP: 10/14
  2059 | D:2      | Noticed Natasha
  2066 | D:2      | Killed Natasha
  2620 | D:3      | Noticed Grinder
  2774 | D:3      | Killed Grinder
  2775 | D:3      | Reached XP level 6. HP: 29/32 MP: 3/16
  2961 | D:3      | Found a faded altar of an unknown god.
  2997 | D:3      | Noticed Jessica
  3000 | D:3      | Killed Jessica
  3001 | D:3      | Reached skill level 6 in Spellcasting
  3198 | D:3      | Found a hide-covered altar of Uskayaw.
  3598 | D:3      | Found a white marble altar of Elyvilon.
  3727 | D:4      | Found a snail-covered altar of Cheibriados.
  3738 | D:4      | Found the amulet of Elemental Vulnerability {rPois rF--
                  | rC-- AC+8}
  3790 | D:4      | Reached XP level 7. HP: 27/36 MP: 12/18
  3826 | D:4      | Noticed Eustachio
  3843 | D:4      | Killed Eustachio
  4253 | D:4      | Found an opulent altar of Gozag.
  4261 | D:4      | Became a worshipper of Gozag Ym Sagoz the Greedy
  4388 | D:4      | Found a staircase to the Ecumenical Temple.
  4388 | D:4      | You fall into a shaft and drop 3 floors!
  4421 | D:7      | Noticed a wraith
  4682 | D:7      | Killed a wraith
  4683 | D:7      | Reached skill level 7 in Spellcasting
  4786 | D:7      | Reached XP level 8. HP: 18/41 MP: 14/20
  5308 | D:7      | Gained mutation: You expend magic power (3 MP) to
                  | strengthen your wands. [potion of mutation]
  5308 | D:7      | Gained mutation: Your flesh is heat resistant. (rF+)
                  | [potion of mutation]
  5500 | D:7      | Reached skill level 8 in Spellcasting
  5500 | D:7      | Reached skill level 5 in Translocations
  5500 | D:7      | Reached skill level 5 in Alchemy
  5693 | D:6      | Found an ornate altar of the Wu Jian Council.
  5695 | D:6      | Noticed Blork the orc
  5701 | D:6      | Killed Blork the orc
  6544 | D:5      | Entered Level 5 of the Dungeon
  6651 | Temple   | Entered the Ecumenical Temple
  6938 | D:4      | Reached XP level 9. HP: 45/45 MP: 18/23
  7427 | D:5      | Found a stormy altar of Qazlal.
  7704 | D:5      | Found a radiant altar of Vehumet.
  8163 | D:6      | Noticed Menkaure
  8168 | D:6      | Killed Menkaure
  8283 | D:6      | Reached skill level 9 in Spellcasting
  8324 | D:6      | Reached skill level 1 in Armour
  8648 | D:6      | Noticed Jeremiah
  8659 | D:6      | Killed Jeremiah
  9015 | D:6      | Found a broken altar of Ashenzari.
  9105 | D:6      | Found a hazy altar of Hepliaklqana.
  9713 | D:7      | Reached skill level 10 in Spellcasting
 10337 | D:7      | Found an ancient bone altar of Kikubaaqudgha.
 10386 | D:7      | Noticed Maggie
 10398 | D:7      | Killed Maggie
 10699 | D:7      | Reached XP level 10. HP: 50/50 MP: 18/26
 10955 | D:7      | Found Coloaq's Magic Scroll Shop.
 10967 | D:7      | Bought a scroll of immolation for 56 gold pieces
 10967 | D:7      | Bought a scroll of vulnerability for 56 gold pieces
 10967 | D:7      | Bought a scroll of fog for 56 gold pieces
 10967 | D:7      | Bought 2 scrolls of teleportation for 84 gold pieces
 10967 | D:7      | Bought a scroll of teleportation for 42 gold pieces
 10967 | D:7      | Bought a scroll of teleportation for 42 gold pieces
 11022 | D:7      | Reached skill level 11 in Spellcasting
 11022 | D:7      | Reached skill level 10 in Conjurations
 12127 | D:8      | Noticed Maurice
 12147 | D:8      | Killed Maurice
 13132 | D:8      | Found a shimmering blue altar of Sif Muna.
 13186 | D:8      | Found a bloodstained altar of Trog.
 13409 | D:8      | Found a glowing silver altar of Zin.
 13460 | D:9      | Reached skill level 12 in Spellcasting
 13704 | D:9      | Noticed Erica
 13871 | D:9      | Killed Erica
 13876 | D:9      | Reached skill level 13 in Spellcasting
 14354 | D:9      | Found a transporter.
 14613 | D:9      | Reached XP level 11. HP: 54/54 MP: 13/30
 15046 | D:9      | Found a transporter.
 15052 | D:9      | Noticed hawla's ghost (novice FeSh)
 15053 | D:9      | Noticed a purple ugly thing
 15538 | D:9      | Found Tof Unig's Armour Shop.
 16089 | D:10     | Entered Level 10 of the Dungeon
 16089 | D:10     | Noticed Snorg
 16103 | D:10     | Killed Snorg
 16290 | D:10     | Found a flagged portal.
 16299 | Bailey   | Entered a bailey
 16303 | Bailey   | Learned a level 2 spell: Blink
 16756 | Bailey   | Identified the +3 quarterstaff of the Moth {freeze, rC+
                  | rN+}
 16771 | Bailey   | Mangled by a kobold brigand

Illustrated notes

Levels and vault maps discovered:
D:1:      minmay_arrival_stair_chambers, layout_rooms
D:2:      wad_woods_tower, layout_basic, basic_altar, uniq_natasha
D:3:      layout_basic, nicolae_elyvilon_peaceful_grove,
          lemuel_coloured_pillars_altar, ebering_ecumenical_altar_petrified,
          uniq_grinder, uniq_jessica
D:4:      layout_basic, grunt_gozag_statues, mainiacjoe_overflow_24_doors,
          temple_green, uniq_eustachio
D:5:      layout_cave_pods, mainiacjoe_overflow_small_starburst,
          overflow_temple_1_default
D:6:      layout_gridville, nicolae_hepliaklqana_monster_ancestors,
          nicolae_ashenzari_skybound, lemuel_round_altar, uniq_menkaure,
          uniq_blork_the_orc, uniq_jeremiah
D:7:      wad_river_or_something, layout_basic,
          nicolae_kikubaaqudgha_miasma_corner, serial_shops,
          nicolae_shop_gibbet_a_chance, uniq_maggie
D:8:      layout_gridville, mainiacjoe_overflow_alcove_2,
          mainiacjoe_overflow_brackets, mainiacjoe_overflow_surrounded_room,
          eino_tiny_chamber, uniq_maurice
D:9:      layout_cave_pods, nzn_ghost_randoct, nicolae_inconvenience_store,
          uniq_erica
D:10:     layout_basic, lightli_temple_of_fire,
          lemuel_mausoleum_altar_yredelemnul, lair_entry_dummy, enter_bailey_6,
          uniq_grum, uniq_snorg
Temple:   nicolae_temple_little_seven
Bailey:   bailey_axe_3, bailey

Skill      XL: |  1  2  3  4  5  6  7  8  9 10 11 |
---------------+----------------------------------+-----
Spellcasting   | 4 5 6 7 8 10 13 | 13.9
Conjurations   | 5 6 7 8 9 11 12 | 12.3
Translocations | 1 2 3 4 5 6 |  6.0
Alchemy        | 1 2 4 5 6 |  6.0
Armour         | 3 4 |  4.0
Dodging        | |  2.4
Stealth        | |  2.4

Action                     |  1- 3 |  4- 6 |  7- 9 | 10-12 || total
---------------------------+-------+-------+-------+-------++-------
   Cast: Magic Dart        |    59 |    44 |   107 |    69 ||   279
         Searing Ray       |     5 |    13 |    37 |    15 ||    70
         Fulminant Prism   |       |       |    22 |    38 ||    60
         Iskenderun's Myst |       |       |    20 |    45 ||    65
    Use: Scroll            |       |       |     9 |     3 ||    12
         Potion            |       |       |     3 |     2 ||     5
 Armour: Robe              |     3 |    10 |    46 |    18 ||    77
  Dodge: Dodged            |     2 |     6 |    60 |    28 ||    96
